 Dungeon Crawl Stone Soup version 0.26.1-11-gd32895ea62 (webtiles) character file.

Game seed: 6610582534804141317

3031 jlumianski the Magician (level 9, 0/71 HPs)
             Began as a Gnoll Warper on June 3, 2021.
             Was a Believer of Qazlal.
             Shot with an arrow by a centaur warrior (18 damage)
             ... on level 7 of the Dungeon.
             The game lasted 00:43:59 (11216 turns).

jlumianski the Magician (Gnoll Warper)             Turns: 11216, Time: 00:43:59

Health: 0/71       AC: 17    Str: 11 (14) XL:     9   Next: 86%
Magic:  13/19      EV: 13    Int: 16 (18) God:    Qazlal [**....]
Gold:   55         SH:  2    Dex: 12 (15) Spells: 15/21 levels left

rFire    . . .     SeeInvis .   a - +1 hand axe
rCold    . . .     Faith    .   (no shield)
rNeg     . . .     Spirit   .   r - +0 ring mail
rPois    .         Reflect  .   M - +1 helmet
rElec    .         Harm     .   s - +0 cloak
rCorr    .         Rampage  .   (no gloves)
Will     .....                  (no boots)
Stlth    ++........             (no amulet)
HPRegen  0.21/turn              C - +4 ring of protection
MPRegen  0.16/turn              Q - +4 ring of protection

@: no status effects
A: distributed training, fangs 1, strong nose
a: Renounce Religion, Upheaval


You were on level 7 of the Dungeon.
You worshipped Qazlal.
Qazlal was pleased with you.
You visited 2 branches of the dungeon, and saw 9 of its levels.

You collected 451 gold pieces.
You spent 396 gold pieces at shops.

Inventory:

Hand Weapons
 a - a +1 hand axe (weapon)
 p - a +1 short sword of protection
 A - a +1 whip of flaming
 L - a +0 vorpal long sword
 N - a +3 vorpal flail
Missiles
 e - 5 boomerangs of dispersal
 g - 31 poisoned darts
 o - 4 silver javelins
 v - 6 boomerangs
 y - 5 javelins (quivered)
Armour
 b - a +0 leather armour
 f - a cursed +0 tower shield
 r - a +0 ring mail (worn)
 s - a +0 cloak (worn)
 H - a +0 scale mail of fire resistance
 M - a +1 helmet (worn)
Jewellery
 x - an uncursed ring of fire
 C - a +4 ring of protection (left hand)
 Q - a +4 ring of protection (right hand)
Wands
 K - a wand of random effects (18)
 P - a wand of flame (17)
Scrolls
 c - 5 scrolls of identify
 d - 2 scrolls of blinking
 h - 2 scrolls of enchant weapon
 m - 5 scrolls of remove curse
 u - a scroll of teleportation
 E - a scroll of noise {unknown}
 F - a scroll of magic mapping {unknown}
 G - 2 scrolls of amnesia {unknown}
 J - a scroll of random uselessness {unknown}
Potions
 i - 4 potions of brilliance
 j - 2 potions of curing
 k - a potion of resistance
 l - a potion of ambrosia
 n - 2 potions of might
 q - a potion of berserk rage {unknown}
 t - a potion of invisibility
 w - a potion of degeneration
 z - a potion of lignification {unknown}
 B - 2 potions of heal wounds
 D - a potion of flight {unknown}
 I - a potion of haste {unknown}
 O - a potion of attraction {unknown}


   Skills:
 + Level 6.6 Fighting
 + Level 4.6 Short Blades
 + Level 4.6 Long Blades
 + Level 6.6 Axes
 + Level 4.6 Maces & Flails
 + Level 4.6 Polearms
 + Level 4.6 Staves
 + Level 4.6 Slings
 + Level 4.6 Bows
 + Level 4.6 Crossbows
 + Level 5.4 Throwing
 + Level 5.4 Armour
 + Level 6.6 Dodging
 + Level 4.6 Stealth
 + Level 4.6 Shields
 + Level 4.6 Unarmed Combat
 + Level 6.9 Spellcasting
 + Level 3.8 Conjurations
 + Level 3.8 Hexes
 + Level 3.8 Summonings
 + Level 3.8 Necromancy
 + Level 6.7 Translocations
 + Level 3.8 Transmutations
 + Level 3.8 Fire Magic
 + Level 3.8 Ice Magic
 + Level 3.8 Air Magic
 + Level 3.8 Earth Magic
 + Level 3.8 Poison Magic
 + Level 5.1 Invocations
 + Level 4.6 Evocations


You had 15 spell levels left.
You knew the following spells:

 Your Spells              Type           Power        Failure   Level
a - Blink                 Tloc           N/A          2%          2
b - Gell's Gravitas       Tloc           13%          4%          3
c - Corona                Hex            18%          5%          1

Your spell library contained the following spells:

 Spells                   Type           Power        Failure   Level
 Lesser Beckoning         Tloc           13%          4%          3
 Teleport Other           Tloc           27%          4%          3
 Ensorcelled Hibernation  Hex/Ice        34%          9%          2
 Confusing Touch          Hex            17%          17%         3
 Dazzling Flash           Conj/Hex       34%          17%         3
 Tukima's Dance           Hex            17%          17%         3
 Passage of Golubria      Tloc           N/A          17%         4


Dungeon Overview and Level Annotations

Branches:
Dungeon (8/15)             Temple (1/1) D:4
   Lair: D:8-11

Altars:
Ashenzari
Dithmenos
Elyvilon
Fedhas
Gozag
Hepliaklqana
Kikubaaqudgha
Makhleb
Nemelex Xobeh
Okawaru
Qazlal
Ru
Sif Muna
Trog
Uskayaw
Vehumet
Wu Jian
Xom
Yredelemnul
Zin
The Shining One
Lugonu

Shops:
D:8 =

Portals:
Abyss: D:6

Annotations:
D:2 1 runed translucent door, Crazy Yiuf
D:8 Contigo's ghost, novice MiBe


Innate Abilities, Weirdness & Mutations

Your experience applies equally to all skills.
You have very sharp teeth.
Your uncanny sense of smell can sniff out nearby items.


Message History

The javelin pierces through the centaur warrior!
The centaur warrior is lightly wounded.
The slime creature hits you!
Throw: 6 javelins
Press: ? - help, Q - select action, (/) - cycle Shift-Dir - straight line, f/p - slime creature
Aim: a slime creature (moderately wounded, 83% to hit)
You throw a javelin.
The javelin barely misses the slime creature.
The javelin pierces through the centaur warrior but does no damage.
The centaur warrior is lightly wounded.
The slime creature hits you.
* * * LOW HITPOINT WARNING * * *
The slime creature hits you but does no damage.
Casting: Gell's Gravitas (dangerous; 4% risk of failure)
Confirm with . or Enter, or press ? or * to list all spells.
You blink.
The centaur warrior shoots an arrow.
The arrow hits you.
* * * LOW HITPOINT WARNING * * *
The centaur warrior shoots an arrow.
The arrow hits you but does no damage.
The centaur warrior shoots an arrow.
The arrow hits you!!
You die...

##.# #..............'<8> #.#
##.#♣...♣♣♣...♣♣... #.# #.#♣...♣
♣♣.♣♣#... #.# #.#♣...♣ ### ##'#
#.# #§#♣...♣ ... ###.####
#J#♣♣.♣♣ ♣♣.♣ ##.....>## #c# ♣.♣
♣.♣ ##........###.# ♣.♣ ♣y♣
#..........#.@######
#..........#(((((..##
#............##..>..#
####'''########.##....## ∆
####...########.##....#
☼§.#...###○####.##....## ∆
☼§§#.⌠.##☼§§###........#
§§.#...#☼§☼°.##........##########
§.§#...##○☼§####..........#......


You could see a slime creature and a centaur warrior.

Vanquished Creatures
  Pikel (D:3)
  A kobold demonologist (D:7)
  A troll (D:6)
  A hornet (D:7)
  An orc warrior (D:7)
  A sky beast (D:6)
  An ogre (D:7)
  A phantom (D:6)
  A centaur (D:7)
  A lemure (D:3)
  2 bullfrogs
  6 scorpions
  2 howler monkeys
  A quasit (D:7)
  2 jellies (D:8)
  A centaur skeleton (D:4)
  5 hounds
  An orc priest (D:4)
  A bullfrog skeleton (D:5)
  3 iguanas
  2 orc wizards (D:5)
  Terence (D:2)
  7 worker ants
  4 gnolls (D:6)
  9 adders
  A howler monkey skeleton (D:6)
  A shadow imp (D:7)
  4 white imps
  4 ufetubi
  3 oozes
  2 adder skeletons (D:5)
  An adder zombie (D:8)
  7 worms
  2 leopard geckos
  18 orcs
  8 giant cockroaches
  8 goblins
  7 hobgoblins
  4 jackals
  5 kobolds
  2 quokkas
  3 ball pythons
  5 bats
  7 frilled lizards
  A leopard gecko skeleton (D:6)
  3 quokka skeletons
  7 rats
  A lurking horror (D:6)
161 creatures vanquished.

Vanquished Creatures (others)
  A phantom (D:5)
  3 orcs (D:5)
  A jackal skeleton (D:5)
  A fungus (D:2)
  A lurking horror (D:6)
  A plant (D:8)
8 creatures vanquished.

Grand Total: 169 creatures vanquished

Notes
Turn   | Place    | Note
-------+----------+-------------------------------------------
     0 | D:1      | jlumianski the Gnoll Warper began the quest for the Orb.
     0 | D:1      | Reached XP level 1. HP: 20/20 MP: 6/6
   327 | D:1      | Reached XP level 2. HP: 26/26 MP: 7/7
   330 | D:1      | Learned a level 2 spell: Blink
   828 | D:1      | Reached XP level 3. HP: 14/31 MP: 9/9
   829 | D:1      | Reached skill level 5 in Spellcasting
  1262 | D:2      | Found a sacrificial altar of Ru.
  1263 | D:2      | Found a glowing silver altar of Zin.
  1364 | D:2      | Found a shadowy altar of Dithmenos.
  1404 | D:2      | Reached skill level 1 in Invocations
  1572 | D:2      | Noticed Terence
  1581 | D:2      | Killed Terence
  1582 | D:2      | Reached skill level 1 in Short Blades
  1582 | D:2      | Reached skill level 1 in Long Blades
  1582 | D:2      | Reached skill level 1 in Maces & Flails
  1582 | D:2      | Reached skill level 1 in Polearms
  1582 | D:2      | Reached skill level 1 in Staves
  1582 | D:2      | Reached skill level 1 in Slings
  1582 | D:2      | Reached skill level 1 in Bows
  1582 | D:2      | Reached skill level 1 in Crossbows
  1582 | D:2      | Reached skill level 1 in Stealth
  1582 | D:2      | Reached skill level 1 in Shields
  1582 | D:2      | Reached skill level 1 in Unarmed Combat
  1582 | D:2      | Reached skill level 1 in Evocations
  1582 | D:2      | Reached XP level 4. HP: 38/38 MP: 11/11
  1652 | D:2      | Found a runed translucent door.
  1653 | D:2      | Noticed Crazy Yiuf
  1736 | D:2      | Learned a level 3 spell: Gell's Gravitas
  2193 | D:3      | Reached skill level 1 in Conjurations
  2193 | D:3      | Reached skill level 1 in Hexes
  2193 | D:3      | Reached skill level 1 in Summonings
  2193 | D:3      | Reached skill level 1 in Necromancy
  2193 | D:3      | Reached skill level 1 in Transmutations
  2193 | D:3      | Reached skill level 1 in Fire Magic
  2193 | D:3      | Reached skill level 1 in Ice Magic
  2193 | D:3      | Reached skill level 1 in Air Magic
  2193 | D:3      | Reached skill level 1 in Earth Magic
  2193 | D:3      | Reached skill level 1 in Poison Magic
  2302 | D:3      | Reached XP level 5. HP: 37/43 MP: 4/12
  3418 | D:3      | Found a stormy altar of Qazlal.
  3432 | D:3      | Reached XP level 6. HP: 47/50 MP: 13/13
  3598 | D:4      | Found a staircase to the Ecumenical Temple.
  3622 | D:4      | Noticed Pikel
  4009 | D:3      | Killed Pikel
  4010 | D:3      | Reached skill level 5 in Fighting
  4010 | D:3      | Reached skill level 5 in Axes
  4010 | D:3      | Reached skill level 5 in Dodging
  4010 | D:3      | Reached XP level 7. HP: 26/56 MP: 12/15
  4212 | Temple   | Entered the Ecumenical Temple
  4584 | D:3      | Became a worshipper of Qazlal Stormbringer
  4899 | D:4      | Reached XP level 8. HP: 63/63 MP: 16/16
  5311 | D:5      | Entered Level 5 of the Dungeon
  5532 | D:5      | Found a radiant altar of Vehumet.
  5826 | D:5      | Reached * piety under Qazlal
  6043 | D:5      | Found a hazy altar of Hepliaklqana.
  6044 | D:5      | Found a shimmering altar of Xom.
  6044 | D:5      | Noticed a spectral ugly thing
  7077 | D:6      | Learned a level 1 spell: Corona
  7171 | D:6      | Found a corrupted altar of Lugonu.
  7171 | D:6      | Found a one-way gate to the infinite horrors of the Abyss.
  7649 | D:7      | Reached XP level 9. HP: 46/69 MP: 18/18
  7778 | D:7      | Reached ** piety under Qazlal
  7886 | D:7      | Found a sparkling altar of Nemelex Xobeh.
  8300 | D:7      | Noticed a kobold demonologist
  8309 | D:7      | Noticed an ice devil
  8309 | D:7      | Killed a kobold demonologist
  8551 | D:7      | Noticed a troll
  8579 | D:7      | Reached skill level 5 in Throwing
  8579 | D:7      | Reached skill level 5 in Armour
  8601 | D:7      | Noticed a hornet
  8613 | D:7      | Paralysed by a hornet for 2 turns
  8618 | D:7      | Paralysed by a hornet for 2 turns
  8625 | D:7      | Paralysed by a hornet for 1 turns
  8626 | D:7      | Killed a hornet
  8942 | D:6      | Killed a troll
  9032 | D:7      | Reached skill level 5 in Invocations
  9292 | D:7      | Noticed a purple ugly thing
 10119 | D:8      | Found an ancient bone altar of Kikubaaqudgha.
 10122 | D:8      | Found a blossoming altar of Fedhas.
 10484 | D:8      | Found a runed translucent door.
 10487 | D:8      | Noticed Contigo's ghost (novice MiBe)
 10750 | D:8      | Found Sicesumo's Jewellery Boutique.
 10760 | D:8      | Bought a +4 ring of protection for 396 gold pieces
 11201 | D:7      | Noticed a centaur warrior
 11216 | D:7      | Shot with an arrow by a centaur warrior

Illustrated notes

Levels and vault maps discovered:
D:1:      ncdulo_lavacross, layout_loops_ring, chequers_serial_rivers_large_b
D:2:      layout_rooms, marbit_many_paths, minitemple, uniq_crazy_yiuf_cottage,
          uniq_terence
D:3:      layout_basic, nicolae_overflow_hidden_temple
D:4:      layout_rooms, minmay_temple_entry_waves, uniq_pikel
D:5:      layout_basic, regret_index_temple_of_mockery, lemuel_doored_altar,
          lemuel_flamethrower_2
D:6:      layout_loops_ring, amcnicky_altar_lugonu_corruption
D:7:      nzn_winding_woodlands_stair_cross [nzn_winding_woodlands_5x15_default,
          nzn_winding_woodlands_center_diamonds,
          nzn_winding_woodlands_5x15_pockets,
          nzn_winding_woodlands_5x5_open_star, nzn_winding_woodlands_5x5_three,
          nzn_winding_woodlands_5x15_pool,
          nzn_winding_woodlands_center_pierced_h,
          nzn_winding_woodlands_5x15_eye], layout_rooms, nemelex_altar_shiori
D:8:      layout_basic, grunt_temple_overflow_growth_and_decay, serial_shops,
          shop, ebering_ghost_inner_flame
Temple:   minmay_temple_curvy_loop

Skill      XL: |  1  2  3  4  5  6  7  8  9 |
---------------+----------------------------+-----
Spellcasting   | 5 6 |  6.9
Invocations    | 1 3 4 5 |  5.1
Short Blades   | 1 2 3 4 |  4.6
Long Blades    | 1 2 3 4 |  4.6
Maces & Flails | 1 2 3 4 |  4.6
Polearms       | 1 2 3 4 |  4.6
Staves         | 1 2 3 4 |  4.6
Slings         | 1 2 3 4 |  4.6
Bows           | 1 2 3 4 |  4.6
Crossbows      | 1 2 3 4 |  4.6
Stealth        | 1 2 3 4 |  4.6
Shields        | 1 2 3 4 |  4.6
Unarmed Combat | 1 2 3 4 |  4.6
Evocations     | 1 2 3 4 |  4.6
Conjurations   | 1 2 3 |  3.8
Hexes          | 1 2 3 |  3.8
Summonings     | 1 2 3 |  3.8
Necromancy     | 1 2 3 |  3.8
Transmutations | 1 2 3 |  3.8
Fire Magic     | 1 2 3 |  3.8
Ice Magic      | 1 2 3 |  3.8
Air Magic      | 1 2 3 |  3.8
Earth Magic    | 1 2 3 |  3.8
Poison Magic   | 1 2 3 |  3.8
Throwing       | 3 4 5 |  5.4
Armour         | 3 4 5 |  5.4
Fighting       | 5 6 |  6.6
Axes           | 5 6 |  6.6
Dodging        | 5 6 |  6.6
Translocations | 6 |  6.7

Action                   |  1- 3 |  4- 6 |  7- 9 || total
-------------------------+-------+-------+-------++-------
Melee: Hand axe          |   101 |   167 |   409 ||   677
       Bite              |     8 |    15 |    52 ||    75
       Punch             |     1 |     1 |     7 ||     9
Throw: Dart              |     5 |    17 |    30 ||    52
       Javelin           |       |       |     8 ||     8
       Boomerang         |       |       |     5 ||     5
 Cast: Gell's Gravitas   |       |     5 |    29 ||    34
       Blink             |       |     6 |     9 ||    15
Invok: Upheaval          |       |       |     1 ||     1
Evoke: Wand              |       |       |     2 ||     2
  Use: Scroll            |       |     1 |     8 ||     9
       Potion            |       |       |    10 ||    10
 Stab: Sleeping          |       |       |     1 ||     1
Armor: Leather armour    |    21 |     4 |       ||    25
       Ring mail         |       |    35 |   224 ||   259
Dodge: Dodged            |    91 |    87 |   330 ||   508
Block: Other             |       |       |    24 ||    24
